[Event "Titled Tuesday Blitz May 23 Early 2023"]
[White "Ferenc83"]
[Black "Marcziter, Dmitrii"]
[BlackFideId "13900765"]
[WhiteElo "2543"]
[BlackElo "2162"]
[Result "1/2-1/2"]
[Round "05"]
[TimeControl "180+2"]
[Date "2023.05.23"]
[WhiteClock "0:00:08"]
[BlackClock "0:00:20"]

1. b3 e5 2. Bb2 Bd6 3. c4 c6 4. Nf3 Qe7 5. e4 Nf6 6. Nc3 Bc7 7. Be2 O-O 8. O-O d6 9. d4 a5 10. Re1 Re8 11. c5 exd4 12. cxd6 Qxd6 13. e5 Rxe5 14. Qxd4 Qxd4 15. Nxd4 Na6 16. Bxa6 Rxa6 17. Na4 Ra8 18. Rxe5 Bxe5 19. Nb6 Rb8 20. Re1 Bc7 21. Nc4 Bg4 22. f3 Bd7 23. Nc2 Nd5 24. Kf1 b5 25. N4e3 Nf4 26. Rd1 Be6 27. Nd4 Rd8 28. Nxc6 Rxd1+ 29. Nxd1 a4 30. bxa4 bxa4 31. Nc3 Bc4+ 32. Kg1 f6 33. Nd4 Bb6 34. Nxa4 Bxd4+ 35. Bxd4 Ne2+ 36. Kf2 Nxd4 37. a3 Nc2 38. Nb2 Nxa3 39. Ke3 Bf7 40. h4 h5 41. Kf4 Nc4 42. Nd3 Kf8 43. g4 hxg4 44. fxg4 Ke7 45. g5 Nd6 46. gxf6+ Kxf6 47. Nf2 Be6 48. Nd1 Nb5 49. Ne3 Nc3 50. Nf1 Nd5+ 51. Kg3 Kf5 52. Nd2 Nc3 53. Nf3 Bd5 54. Ng5 Kg6 55. Kf4 Bb7 56. Ke5 Ne2 57. Ne6 Ng3 58. Nf4+ Kh6 59. Ne6 Bc8 60. Nxg7 Kxg7 61. Kf4 Nf5 62. Kg5 Nh6 63. h5 Bd7 64. Kf4 Kf6 65. Ke4 Kg5 66. Ke5 Kxh5 67. Kd6 Bg4 68. Ke5 Kg5 69. Ke4 Nf5 70. Ke5 Bh5 71. Ke4 Bf7 72. Ke5 Bg8 73. Ke4 Kf6 74. Kf4 Be6 75. Ke4 Nd6+ 76. Kf4 Bd5 77. Ke3 Ke5 78. Kd3 Nb5 79. Ke3 Bc4 80. Kf3 Nd4+ 81. Kg4 Ke4 82. Kg5 Bd5 83. Kf6 Nf3 84. Ke7 Ke5 85. Kd7 Nd4 86. Kc7 Ne6+ 87. Kd7 Ng5 88. Kc7 Nf7 89. Kd7 Be6+ 90. Ke7 Ng5 91. Kd8 Ne4 92. Kc7 Kd5 93. Kb6 Nc5 94. Kb5 Kd4 95. Kc6 Bd5+ 96. Kd6 Ne4+ 97. Kc7 Kc5 98. Kd7 Ng5 99. Ke7 Nf3 100. Kf6 Kd6 101. Kf5 Nd4+ 102. Kf4 Nc2 103. Kf5 Kc5 104. Kf4 Na3 105. Ke5 Nc4+ 106. Kf5 Kd4 107. Kf4 Be6 108. Kf3 Bd5+ 109. Kf4 Nb6 110. Kf5 Nd7 111. Kg5 Ke5 112. Kg4 Be4 113. Kg3 Nf6 114. Kf2 Nd5 115. Ke2 Kd4 116. Kd2 Nb4 1/2-1/2


[Site "https://www.chess.com"]

[Event "Titled Tuesday Blitz May 23 Early 2023"]
[White "Saya, Ethan"]
[Black "Rodriguez Santiago, Jaime"]
[WhiteFideId "26095181"]
[BlackFideId "3100898"]
[WhiteElo "2164"]
[BlackElo "2025"]
[Result "0-1"]
[Round "05"]
[TimeControl "180+2"]
[Date "2023.05.23"]
[WhiteClock "0:00:00"]
[BlackClock "0:00:18"]

1. e4 c6 2. d4 d5 3. Nd2 dxe4 4. Nxe4 Nf6 5. Nxf6+ exf6 6. c3 Bd6 7. Bd3 O-O 8. Qc2 Re8+ 9. Ne2 h5 10. Be3 Be6 11. O-O h4 12. h3 Nd7 13. Bf4 Nf8 14. Rfe1 Qd7 15. b3 Rad8 16. Rad1 b5 17. Qc1 a5 18. Bxd6 Qxd6 19. Qf4 Qxf4 20. Nxf4 Bd7 21. Kf1 g6 22. Rxe8 Rxe8 23. Re1 Rxe1+ 24. Kxe1 f5 25. c4 Ne6 26. Ne2 Kf8 27. Kd2 Ke7 28. Ke3 Kd6 29. c5+ Ke7 30. Nf4 g5 31. Ne2 Nc7 32. Kd2 b4 33. Bc4 Be6 34. Kd3 Kf6 35. f4 g4 36. Ke3 Bd5 37. Kf2 g3+ 38. Kf1 Be4 39. Ng1 Bb1 40. Nf3 Bxa2 41. Nxh4 a4 42. Nf3 Bxb3 43. Bxb3 axb3 44. Nd2 b2 45. Ke2 Nb5 46. Kd3 Na3 47. d5 cxd5 48. Kd4 b1=Q 49. Nxb1 Nxb1 50. Kxd5 Ke7 51. Kc4 Nd2+ 52. Kxb4 Nf1 53. h4 Ne3 54. h5 Nd5+ 55. Kb5 Nxf4 56. h6 Ng6 57. Kb6 f4 58. c6 f3 59. c7 f2 60. c8=Q f1=Q 61. Qc7+ Ke6 62. Qxg3 Qb1+ 63. Kc5 Qc2+ 64. Kb4 Qd2+ 65. Kc4 Qd5+ 66. Kc3 Qe5+ 67. Qxe5+ Kxe5 68. Kd3 Kf6 69. Ke4 Kg5 70. h7 Kh6 71. Kf5 Kxh7 72. Kf6 Kg8 73. g4 Nf8 74. g5 Ng6 75. Kf5 Kg7 76. Kg4 Ne7 77. Kf4 Kg6 78. Kg4 Nf5 79. Kf4 Ng7 80. Kg4 Ne6 81. Kh4 Nxg5 82. Kg3 Ne6 83. Kh2 f5 84. Kh1 Kf6 0-1


[Site "https://www.chess.com"]

[Event "Titled Tuesday Blitz May 23 Early 2023"]
[White "Guerra Tulcan, Lenin"]
[Black "Prieto Aranguren, Alain"]
[WhiteFideId "3601382"]
[BlackFideId "2268906"]
[WhiteElo "2368"]
[BlackElo "2209"]
[Result "1-0"]
[Round "05"]
[TimeControl "180+2"]
[Date "2023.05.23"]
[WhiteClock "0:01:36"]
[BlackClock "0:00:59"]

1. e4 c6 2. Nf3 d5 3. exd5 cxd5 4. Ne5 Qb6 5. Nc3 Nf6 6. Bb5+ Nc6 7. Bxc6+ bxc6 8. O-O c5 9. d4 cxd4 10. Na4 Qb4 11. b3 e6 12. Bb2 Bd6 13. Bxd4 Qb8 14. Re1 O-O 15. Nb2 Ba6 16. h3 Ne4 17. Nd7 Bh2+ 18. Kh1 Qd6 19. Nxf8 Rxf8 20. g3 e5 21. Kxh2 exd4 22. Qxd4 Rc8 23. Rxe4 1-0


[Site "https://www.chess.com"]

[Event "Titled Tuesday Blitz May 23 Early 2023"]
[White "Janaszak, Dawid"]
[Black "Gutkin, Ilya"]
[WhiteFideId "1119206"]
[BlackFideId "16203470"]
[WhiteElo "2220"]
[BlackElo "2265"]
[Result "0-1"]
[Round "05"]
[TimeControl "180+2"]
[Date "2023.05.23"]
[WhiteClock "0:00:57"]
[BlackClock "0:01:21"]

1. e4 e6 2. b3 d5 3. Bb2 dxe4 4. Nc3 Nf6 5. Qe2 Bb4 6. O-O-O Qe7 7. Kb1 Ba3 8. Ba1 O-O 9. g4 Nc6 10. Nxe4 Nxe4 11. Qxe4 a5 12. Nf3 a4 13. Bd3 f5 14. gxf5 exf5 15. Qxe7 Bxe7 16. Bc4+ Kh8 17. Rhg1 Bf6 18. Ng5 Bxa1 19. Nf7+ Rxf7 20. Bxf7 Bf6 21. Rde1 Bd7 22. Be6 Bxe6 23. Rxe6 axb3 24. cxb3 Nd4 25. Re3 f4 26. Rd3 Re8 27. Rc1 c6 28. Rc4 Re1+ 29. Rc1 Re2 30. b4 h6 31. a4 Rxf2 32. a5 Rxh2 33. Rf1 f3 34. Re3 Re2 35. Rfxf3 Rxd2 36. Re8+ Kh7 37. Rg3 Ne2 38. Rge3 Rb2+ 39. Ka1 Rb3+ 40. Ka2 Nc1# 0-1


[Site "https://www.chess.com"]

[Event "Titled Tuesday Blitz May 23 Early 2023"]
[White "Sukandar, Irine Kharisma"]
[Black "Klepikov, Nikita"]
[WhiteFideId "7101937"]
[BlackFideId "24145220"]
[WhiteElo "2315"]
[BlackElo "2025"]
[Result "0-1"]
[Round "05"]
[TimeControl "180+2"]
[Date "2023.05.23"]
[WhiteClock "0:00:00"]
[BlackClock "0:00:21"]

1. c4 e5 2. Nf3 d6 3. Nc3 Nf6 4. Qc2 g6 5. d4 Nbd7 6. e3 Bg7 7. b3 O-O 8. Bb2 Re8 9. Be2 c6 10. O-O e4 11. Nd2 Qe7 12. Rae1 Nf8 13. Ba3 h5 14. f3 exf3 15. Bxf3 N8h7 16. e4 Qc7 17. c5 dxc5 18. Bxc5 Ng5 19. e5 Nxf3+ 20. Nxf3 Nd5 21. Bd6 Qd8 22. Nxd5 cxd5 23. Qf2 Be6 24. Rc1 Rc8 25. h3 Bh6 26. Rxc8 Qxc8 27. Nh4 Qd7 28. Qg3 Kh7 29. Kh1 Rc8 30. Nf3 Qd8 31. Qf2 b5 32. Bc5 a6 33. b4 a5 34. a3 axb4 35. axb4 Ra8 36. Ne1 Ra1 37. Nd3 Ra3 38. Qc2 Bf5 39. Rxf5 gxf5 40. Nf2 Qg5 0-1


[Site "https://www.chess.com"]

[Event "Titled Tuesday Blitz May 23 Early 2023"]
[White "Yanayt, Eugene"]
[Black "cristianserban1"]
[WhiteFideId "2020165"]
[WhiteElo "2083"]
[BlackElo "2530"]
[Result "0-1"]
[Round "05"]
[TimeControl "180+2"]
[Date "2023.05.23"]
[WhiteClock "0:00:04"]
[BlackClock "0:00:10"]

1. Nf3 Nf6 2. c4 e6 3. g3 d5 4. d4 c6 5. Bg2 dxc4 6. Ne5 b5 7. a4 Nd5 8. e4 Nb4 9. b3 Bd6 10. Ba3 Bxe5 11. Bxb4 Qxd4 12. Bc3 Qxd1+ 13. Kxd1 Bxc3 14. Nxc3 b4 15. Na2 a5 16. bxc4 Ba6 17. Bf1 Nd7 18. Kc2 Nc5 19. Nc1 O-O-O 20. f3 Rd7 21. Nd3 Nxd3 22. Bxd3 Rhd8 23. Rad1 b3+ 24. Kc3 b2 25. Rd2 Rd4 26. Rb1 Bxc4 27. Rdxb2 Rxd3+ 28. Kxc4 R8d4+ 29. Kc5 Rb4 30. Rxb4 axb4 31. Kxc6 b3 32. a5 Rxf3 33. a6 Kb8 34. Rd1 Ka7 35. Kb5 b2 36. Rd7+ Ka8 37. Rd8+ Ka7 38. Rd7+ Kb8 39. Rb7+ Ka8 40. Ka4 Rf2 41. h4 e5 42. Ka5 f5 43. exf5 e4 44. g4 e3 45. Rxg7 b1=Q 46. Rg8+ Qb8 47. Rxb8+ Kxb8 48. Kb6 Rb2+ 49. Kc6 e2 50. f6 e1=Q 51. f7 Qe6+ 52. Kc5 Rc2+ 53. Kd4 Qc4+ 0-1


[Site "https://www.chess.com"]

[Event "Titled Tuesday Blitz May 23 Early 2023"]
[White "Staudenhocker43"]
[Black "Lesbekova, Assel"]
[BlackFideId "13713248"]
[WhiteElo "2523"]
[BlackElo "1805"]
[Result "1-0"]
[Round "05"]
[TimeControl "180+2"]
[Date "2023.05.23"]
[WhiteClock "0:00:15"]
[BlackClock "0:00:11"]

1. e4 c5 2. Nf3 Nc6 3. Bb5 e6 4. O-O Nge7 5. Re1 a6 6. Bf1 d5 7. exd5 Nxd5 8. d4 cxd4 9. Nxd4 Bc5 10. Nxc6 bxc6 11. Nd2 Nf6 12. Qf3 Qd5 13. Bc4 Qxf3 14. Nxf3 a5 15. Ne5 Ba6 16. Bxa6 Rxa6 17. Be3 Bxe3 18. Rxe3 Nd7 19. Nxd7 Kxd7 20. Rd1+ Ke7 21. Rb3 Ra7 22. Rb6 Rc8 23. Kf1 Rcc7 24. Rd3 Rab7 25. Rdb3 Ra7 26. Ke2 Kd6 27. Rb8 a4 28. Rd3+ Ke5 29. Ke3 f5 30. f4+ Kf6 31. Rc3 Ra5 32. Rb6 c5 33. Rd3 a3 34. b3 c4 35. Rdd6 cxb3 36. Rxe6+ Kf7 37. cxb3 Rc2 38. Rec6 Rxc6 39. Rxc6 Rd5 40. Ra6 Rd1 41. Rxa3 Rh1 42. h3 Rg1 43. Kf3 Rf1+ 44. Kg3 h5 45. Ra7+ Kf6 46. h4 Ra1 47. a4 1-0


[Site "https://www.chess.com"]

[Event "Titled Tuesday Blitz May 23 Early 2023"]
[White "Manukyan, Artyom"]
[Black "Fajdetic, Hrvoje"]
[WhiteFideId "13305786"]
[BlackFideId "14501945"]
[WhiteElo "2078"]
[BlackElo "2185"]
[Result "1-0"]
[Round "05"]
[TimeControl "180+2"]
[Date "2023.05.23"]
[WhiteClock "0:00:47"]
[BlackClock "0:00:00"]

1. Nf3 f5 2. g3 d6 3. Bg2 e5 4. O-O Nf6 5. c4 Be7 6. b3 O-O 7. Bb2 c6 8. d3 Qe8 9. Nbd2 Qh5 10. e3 f4 11. exf4 exf4 12. Ne4 Nxe4 13. dxe4 Bg4 14. Qd3 Nd7 15. Rae1 Nc5 16. Qd4 Bf6 17. e5 dxe5 18. Nxe5 f3 19. Bh1 Nd7 20. Qxg4 Qxg4 21. Nxg4 Bxb2 22. Re7 Nc5 23. Rd1 Rad8 24. Rxd8 Rxd8 25. Bxf3 Rd2 26. b4 h5 27. Ne3 Nd3 28. Rd7 Rxf2 29. Bxh5 Rd2 30. Bg6 Kf8 31. Rxd3 Rxd3 32. Bxd3 Bd4 33. Kf2 a5 34. bxa5 Ke7 35. Kf3 Kd7 36. a4 Bc3 37. a6 bxa6 38. Ke4 Bb4 39. g4 Bd6 40. h4 Bg3 41. h5 Bh4 42. Nf5 Bf6 43. Kf4 Bc3 44. g5 Bd2+ 45. Kg4 Ke6 46. Nxg7+ Ke5 47. Nf5 a5 48. h6 Bc3 49. h7 Ke6 50. g6 1-0


[Site "https://www.chess.com"]

[Event "Titled Tuesday Blitz May 23 Early 2023"]
[White "Todorovic, Bojan"]
[Black "Yelisieiev, Yevhenii"]
[WhiteFideId "917087"]
[BlackFideId "14139642"]
[WhiteElo "2266"]
[BlackElo "2403"]
[Result "0-1"]
[Round "05"]
[TimeControl "180+2"]
[Date "2023.05.23"]
[WhiteClock "0:00:00"]
[BlackClock "0:00:03"]

1. d4 d6 2. Nf3 Nf6 3. c4 Nbd7 4. Nc3 e5 5. Bg5 Be7 6. e3 O-O 7. Qc2 c6 8. Be2 h6 9. Bh4 Re8 10. O-O Qc7 11. b4 Nf8 12. d5 Ng6 13. Bxf6 Bxf6 14. Bd3 e4 15. Nxe4 Bxa1 16. Rxa1 Bf5 17. Nxd6 Qxd6 18. Bxf5 Qxb4 19. Bxg6 fxg6 20. Rb1 Qd6 21. Rxb7 cxd5 22. c5 Qc6 23. Rb1 Rac8 24. h4 Qxc5 25. Qxg6 Qc2 26. Qxc2 Rxc2 27. a4 Ra2 28. Rb4 Re4 29. Nd4 Rxh4 30. g3 Ra1+ 31. Kg2 Rhh1 32. Nf5 Rh5 33. Rb8+ Kh7 34. g4 Rg5 35. Kf3 h5 36. Ne7 hxg4+ 37. Kf4 Rh5 38. Kxg4 Rh2 39. f4 Rg1+ 40. Kf5 Rh5+ 41. Ke6 Re1 42. Nf5 Kg6 43. Rf8 d4 0-1


[Site "https://www.chess.com"]

[Event "Titled Tuesday Blitz May 23 Early 2023"]
[White "Wimalasuriya, Kasun M."]
[Black "Reprintsev, Alexander"]
[WhiteFideId "9906789"]
[BlackFideId "14100541"]
[WhiteElo "2291"]
[BlackElo "2218"]
[Result "1/2-1/2"]
[Round "05"]
[TimeControl "180+2"]
[Date "2023.05.23"]
[WhiteClock "0:00:17"]
[BlackClock "0:00:27"]

1. d4 d5 2. Nf3 Nc6 3. g3 Bf5 4. Bg2 Nb4 5. Na3 e6 6. c3 Nc6 7. Nc2 h6 8. O-O Nf6 9. Re1 Be7 10. Ne5 O-O 11. Ne3 Bh7 12. N3g4 Nxg4 13. Nxg4 f5 14. Ne5 Nxe5 15. dxe5 c5 16. c4 d4 17. Bxb7 Rb8 18. Bf3 g5 19. e3 d3 20. Qd2 Qd7 21. b3 f4 22. exf4 gxf4 23. Bg2 fxg3 24. hxg3 Bg5 25. f4 Qd4+ 26. Kh2 Qxa1 27. fxg5 Qd4 28. gxh6 Qg4 29. Bh3 Qh5 30. Qg5+ Qxg5 31. Bxg5 Rf2+ 32. Kg1 Rxa2 33. Bxe6+ Kf8 34. g4 d2 35. Rd1 Rxb3 36. Rxd2 Rxd2 37. Bxd2 Rd3 38. Bf4 a5 39. Bd5 a4 40. e6 Bg6 41. Bd6+ Kg8 42. e7+ Kh7 43. Be4 Rd1+ 44. Kf2 Kxh6 45. Bxg6 Rxd6 46. e8=Q Rxg6 47. Qh8+ Kg5 48. Qh5+ Kf6 49. Qf5+ Kg7 50. Kg3 a3 51. Qxc5 Ra6 52. Qd4+ Kf8 53. Qa1 a2 54. Kf4 Ke7 55. Ke4 Kd6 56. Kd4 Ra3 57. g5 Ke7 58. g6 Kf6 59. Kc5+ Kxg6 60. Kb4 Ra8 61. Kb3 Kf5 62. Kb2 Rb8+ 63. Kc3 Ra8 64. Qf1+ Ke6 65. Qe2+ Kd7 66. Qd1+ Kc7 67. Qa1 Kc6 68. Kb4 Kc7 69. Kb3 Rb8+ 70. Ka3 Ra8+ 71. Kb2 Rb8+ 72. Kc1 Rb1+ 73. Qxb1 axb1=Q+ 74. Kxb1 Kc6 75. Kb2 Kc5 76. Kc3 Kc6 77. Kb4 Kb6 78. Ka4 Kc5 79. Kb3 Kc6 80. Kb4 Kb6 81. Kc3 Kc5 82. Kd3 Kc6 83. Kd4 Kd6 84. c5+ Kc6 85. Kc4 Kc7 86. Kb5 Kb7 87. c6+ Kc7 88. Kc5 Kc8 89. Kb6 Kb8 90. c7+ Kc8 91. Kc6 1/2-1/2


[Site "https://www.chess.com"]

[Event "Titled Tuesday Blitz May 23 Early 2023"]
[White "Zaichenko, Daria"]
[Black "Hamley, Ryan"]
[WhiteFideId "4197453"]
[BlackFideId "30959497"]
[WhiteElo "2039"]
[BlackElo "2511"]
[Result "0-1"]
[Round "05"]
[TimeControl "180+2"]
[Date "2023.05.23"]
[WhiteClock "0:00:00"]
[BlackClock "0:00:09"]

1. e4 d6 2. d4 Nf6 3. Nc3 c6 4. f4 Qa5 5. Bd3 e5 6. Nf3 Bg4 7. Be3 Nbd7 8. O-O Be7 9. h3 Bxf3 10. Qxf3 h5 11. a3 Qc7 12. d5 cxd5 13. Nxd5 Nxd5 14. exd5 a6 15. c4 Bf6 16. Rae1 O-O-O 17. b4 Kb8 18. Qf2 Rde8 19. Rc1 exf4 20. Bxf4 Ne5 21. Be2 Ng6 22. Be3 Re5 23. Bd3 Re7 24. Bxg6 fxg6 25. c5 Rhe8 26. cxd6 Qxd6 27. Bc5 Qxd5 28. Bxe7 Bd4 29. Bh4 g5 30. Bg3+ Ka8 31. Rc5 Bxf2+ 32. Bxf2 Qd2 33. Rfc1 Qd7 34. Rc7 Qf5 35. R7c5 Qe6 36. Re1 Qg8 37. Rxe8+ Qxe8 38. Rxg5 g6 39. Rc5 Qe6 0-1


[Site "https://www.chess.com"]

[Event "Titled Tuesday Blitz May 23 Early 2023"]
[White "Santos Flores, Alberto"]
[Black "Antonio, Jorge Carlos"]
[WhiteFideId "3601234"]
[BlackFideId "113190"]
[WhiteElo "2235"]
[BlackElo "2247"]
[Result "1-0"]
[Round "05"]
[TimeControl "180+2"]
[Date "2023.05.23"]
[WhiteClock "0:00:14"]
[BlackClock "0:00:00"]

1. e4 c5 2. Nf3 e6 3. g3 Nc6 4. Bg2 g6 5. d4 cxd4 6. Nxd4 Bg7 7. Nb5 Qb6 8. Nd6+ Kf8 9. Nc3 Nd4 10. Nc4 Qc7 11. Ne3 Ne7 12. O-O h5 13. f4 d6 14. Ne2 Nxe2+ 15. Qxe2 h4 16. Qc4 Qb6 17. g4 Bd7 18. f5 gxf5 19. gxf5 Bd4 20. fxe6 Bb5 21. Rxf7+ Ke8 22. Qb3 Bxe3+ 23. Bxe3 Qc6 24. Kh1 h3 25. Bf3 Ng6 26. e5 Qa6 27. Bxb7 Qxb7+ 28. Rxb7 Bc6+ 29. Kg1 Nxe5 30. Kf2 Rf8+ 31. Ke2 Bf3+ 32. Kd2 Rc8 33. Qa4+ 1-0


[Site "https://www.chess.com"]

[Event "Titled Tuesday Blitz May 23 Early 2023"]
[White "Baches Garcia, Guillermo"]
[Black "Bashirli, Saadat"]
[WhiteFideId "2209764"]
[BlackFideId "13429990"]
[WhiteElo "2509"]
[BlackElo "1408"]
[Result "1-0"]
[Round "05"]
[TimeControl "180+2"]
[Date "2023.05.23"]
[WhiteClock "0:00:14"]
[BlackClock "0:00:18"]

1. e4 c6 2. d4 d5 3. e5 g6 4. Nc3 Bg7 5. f4 b6 6. Be3 f5 7. exf6 Nxf6 8. Nf3 Bf5 9. Bd3 Bxd3 10. Qxd3 Nbd7 11. Ne5 Qc7 12. O-O-O Nxe5 13. fxe5 Ng4 14. Rdf1 O-O-O 15. Rf7 Bxe5 16. dxe5 Nxe5 17. Qa6+ Kb8 18. Bf4 Rhf8 19. Re1 Rxf7 20. Bxe5 Rd6 21. Bxd6 Qxd6 22. g3 Rf2 23. Re2 Rf1+ 24. Kd2 e5 25. Qd3 e4 26. Rxe4 Qf6 27. Re2 Kb7 28. Qe3 d4 29. Qe7+ Qxe7 30. Rxe7+ Ka6 31. Ne2 Rf2 32. Rxh7 c5 33. b3 Kb5 34. a4+ Kb4 35. Rxa7 Rxh2 36. Rg7 d3 37. cxd3 Kxb3 38. Rxg6 Kxa4 39. Rxb6 Rg2 40. Rb1 Ka5 41. Rg1 Rf2 42. g4 Rf6 43. g5 Rg6 44. Nf4 Rg8 45. g6 Kb5 46. g7 Kc6 47. Nh5 Kd6 48. Nf6 Rxg7 49. Rxg7 Ke5 50. Ne4 c4 51. dxc4 Kxe4 52. Rd7 Ke5 53. c5 Ke6 54. c6 Ke5 55. Kd3 Ke6 56. Kd4 Kf6 57. Kd5 Kf5 58. Kd6 Kg6 59. c7 Kf5 60. c8=Q Ke4 61. Qe8+ Kd4 62. Ke7+ Kc4 63. Qc8+ Kb5 64. Rb7+ Ka5 65. Qa8# 1-0


[Site "https://www.chess.com"]

[Event "Titled Tuesday Blitz May 23 Early 2023"]
[White "DIM90"]
[Black "Yurasova, Daria"]
[BlackFideId "34146919"]
[WhiteElo "2252"]
[BlackElo "2109"]
[Result "1-0"]
[Round "05"]
[TimeControl "180+2"]
[Date "2023.05.23"]
[WhiteClock "0:00:29"]
[BlackClock "0:00:05"]

1. e4 e5 2. Nf3 Nc6 3. Bb5 a6 4. Bxc6 dxc6 5. O-O Bg4 6. h3 h5 7. d3 Qf6 8. Nbd2 g5 9. Nc4 Bxf3 10. Qxf3 Qxf3 11. gxf3 f6 12. h4 gxh4 13. f4 exf4 14. Bxf4 O-O-O 15. Kh2 Bd6 16. Nxd6+ cxd6 17. Rg1 Ne7 18. Rg7 Rhe8 19. Rag1 d5 20. f3 dxe4 21. fxe4 Rd7 22. Rh7 Ng8 23. Rxh5 c5 24. Rxc5+ Kd8 25. Rh5 Ne7 26. Rg7 Nc6 27. Rxd7+ Kxd7 28. Rh7+ Ke6 29. Rxb7 Nd4 30. Rb6+ Kf7 31. c3 Nf3+ 32. Kh3 Ne1 33. d4 Rxe4 34. Bb8 Nd3 35. d5 Nf2+ 36. Kg2 Re2 37. Kf3 Rc2 38. Rb7+ Kg6 39. d6 h3 40. d7 Rd2 41. Bf4 h2 42. Bxh2 Nd1 43. Bf4 Rd5 44. c4 Rd3+ 45. Ke2 Rd4 46. c5 Kf5 47. Bd6 Re4+ 48. Kxd1 1-0


[Site "https://www.chess.com"]

[Event "Titled Tuesday Blitz May 23 Early 2023"]
[White "Ruge, Edison"]
[Black "Sliwicki, Damian"]
[WhiteFideId "4401000"]
[BlackFideId "1127128"]
[WhiteElo "2175"]
[BlackElo "2030"]
[Result "0-1"]
[Round "05"]
[TimeControl "180+2"]
[Date "2023.05.23"]
[WhiteClock "0:00:00"]
[BlackClock "0:00:24"]

1. e4 c5 2. Nf3 g6 3. d3 Nc6 4. Nbd2 Bg7 5. g3 e5 6. Bg2 h5 7. h4 d6 8. O-O Bg4 9. c3 g5 10. Qc2 gxh4 11. Nxh4 Bf6 12. Ndf3 Bxf3 13. Nxf3 h4 14. gxh4 Bxh4 15. Qb3 Qd7 16. d4 cxd4 17. cxd4 exd4 18. Bf4 Nge7 19. e5 Ng6 20. Bh2 dxe5 21. Rfe1 f6 22. Rac1 O-O-O 23. Re4 Kb8 24. Re2 Rdg8 25. Rec2 Nf4 26. Bxf4 Qg4 27. Ne1 exf4 28. Rxc6 Bxf2+ 29. Kxf2 Qg3+ 30. Kf1 Qxb3 31. axb3 bxc6 32. Rxc6 Rc8 33. Rxf6 Rc1 34. Rxf4 Re8 35. Rxd4 Rcxe1+ 36. Kf2 R1e2+ 0-1


[Site "https://www.chess.com"]

[Event "Titled Tuesday Blitz May 23 Early 2023"]
[White "Bagwe Gaurang"]
[Black "Ciuffoletti, Paolo"]
[WhiteFideId "45039895"]
[BlackFideId "807630"]
[WhiteElo "1847"]
[BlackElo "2143"]
[Result "1-0"]
[Round "05"]
[TimeControl "180+2"]
[Date "2023.05.23"]
[WhiteClock "0:00:25"]
[BlackClock "0:00:00"]

1. e4 c5 2. Nf3 Nc6 3. d4 cxd4 4. Nxd4 Nf6 5. Nc3 e5 6. Ndb5 d6 7. Nd5 Nxd5 8. exd5 Nb8 9. c4 Be7 10. Be3 a6 11. Qa4 O-O 12. Bd3 f5 13. f3 Bg5 14. Bxg5 Qxg5 15. Nxd6 Qe3+ 16. Be2 Bd7 17. Qb3 Qc5 18. Nxb7 Qa7 19. O-O-O a5 20. Nd6 Na6 21. Qb7 Qe3+ 22. Rd2 Ba4 23. Qe7 Nc5 24. Nb5 Rab8 25. d6 1-0


[Site "https://www.chess.com"]

[Event "Titled Tuesday Blitz May 23 Early 2023"]
[White "Tokman, Ariel"]
[Black "Torres Dominguez, David"]
[WhiteFideId "117420"]
[BlackFideId "2220857"]
[WhiteElo "2263"]
[BlackElo "1999"]
[Result "1-0"]
[Round "05"]
[TimeControl "180+2"]
[Date "2023.05.23"]
[WhiteClock "0:00:13"]
[BlackClock "0:00:00"]

1. d4 e5 2. d5 a5 3. e4 Bc5 4. Nf3 d6 5. Be2 Ne7 6. O-O O-O 7. Be3 Na6 8. Bxa6 Bxe3 9. fxe3 Rxa6 10. Qd3 Ra8 11. c4 b6 12. Nc3 Bg4 13. Rf2 Qd7 14. Raf1 h6 15. Nd2 Bh5 16. Nb5 Bg6 17. Qe2 f5 18. exf5 Bxf5 19. e4 Bg6 20. Qe3 Rxf2 21. Rxf2 Rf8 22. Rxf8+ Kxf8 23. h3 Ng8 24. Kh2 Nf6 25. b3 Kg8 26. Qf3 Kh7 27. Qe3 Qf7 28. Qf3 Ne8 29. Qxf7 Bxf7 30. Kg3 Kg8 31. Kf3 Kf8 32. a3 Ke7 33. b4 axb4 34. axb4 Kd7 35. Nb3 Bg6 36. Nc3 Nf6 37. c5 bxc5 38. bxc5 dxc5 39. Nxc5+ Kd6 40. Nb7+ Kd7 41. Nc5+ Kd6 42. Ne6 Ne8 43. Nb5+ Kd7 44. Nc5+ Kd8 45. Nd3 Nd6 46. Nc3 Nc4 47. Nc5 Ke7 48. Ne6 c6 49. Nxg7 cxd5 50. Nxd5+ Kd6 51. Nc3 Nd2+ 52. Ke3 Nf1+ 53. Kf2 Nd2 54. Nf5+ Bxf5 55. exf5 Nc4 56. g4 Ke7 57. Ne4 Nb6 58. Kf3 Nd5 59. Nf2 Nf6 60. Ke3 Kd6 61. Ne4+ Ke7 62. Nxf6 Kxf6 63. Ke4 Kg5 64. Kxe5 1-0


[Site "https://www.chess.com"]

[Event "Titled Tuesday Blitz May 23 Early 2023"]
[White "Begmuratov, Alisher"]
[Black "Jaivardhan Raj"]
[WhiteFideId "14203367"]
[BlackFideId "25744437"]
[WhiteElo "2387"]
[BlackElo "1772"]
[Result "1-0"]
[Round "05"]
[TimeControl "180+2"]
[Date "2023.05.23"]
[WhiteClock "0:01:29"]
[BlackClock "0:00:03"]

1. c4 c5 2. g3 g6 3. Bg2 Bg7 4. Nf3 Nc6 5. O-O Nf6 6. Nc3 O-O 7. b3 b6 8. Bb2 Bb7 9. d4 d6 10. d5 Nb8 11. Qc2 Nfd7 12. e4 Ne5 13. Nxe5 Bxe5 14. Ne2 Nd7 15. f4 Bf6 16. Bxf6 Nxf6 17. h3 Nd7 18. Nc3 a6 19. a4 e6 20. Rae1 exd5 21. cxd5 Re8 22. Kh2 Rc8 23. Rf2 c4 24. b4 a5 25. Nb5 Qe7 26. bxa5 bxa5 27. e5 Nc5 28. Nxd6 Nd3 29. Rb1 Ba6 30. Nxc8 Rxc8 31. d6 Qd7 32. Rd2 Nb4 33. Qc3 Qxa4 34. d7 Rd8 35. e6 fxe6 36. Qf6 Rxd7 37. Qxe6+ Rf7 38. Rxb4 axb4 39. Bd5 1-0


[Site "https://www.chess.com"]

[Event "Titled Tuesday Blitz May 23 Early 2023"]
[White "hakanazeri2"]
[Black "Tarasova, Viktoriya"]
[BlackFideId "4175840"]
[WhiteElo "2581"]
[BlackElo "2182"]
[Result "0-1"]
[Round "05"]
[TimeControl "180+2"]
[Date "2023.05.23"]
[WhiteClock "0:00:00"]
[BlackClock "0:00:23"]

1. d4 Nf6 2. Nc3 d5 3. Bf4 c5 4. e3 cxd4 5. exd4 Nc6 6. Nb5 e5 7. dxe5 Ne4 8. Qxd5 Qxd5 9. Nc7+ Kd8 10. Nxd5 Be6 11. Bc4 Bc5 12. Be3 Nxe5 13. Bb3 Bxe3 14. Nxe3 Bxb3 15. axb3 Kc7 16. f3 Nf6 17. Ne2 Rhd8 18. Nc3 a6 19. Ke2 Rd7 20. Rhd1 Rad8 21. Rxd7+ Rxd7 22. b4 Nc6 23. Ra4 Rd4 24. Na2 Nd7 25. c3 Rd6 26. Nc1 Nb6 27. Ra1 Re6 28. Kf2 g6 29. Nb3 f5 30. g3 Re7 31. Nc5 Ne5 32. Rd1 Kc6 33. b3 Nf7 34. Rd4 Nd6 35. Nc4 Nb5 36. Rd3 Nxc4 37. bxc4 Na3 38. Rd4 Nc2 39. Rd8 Na3 40. Rc8+ Kd6 41. Nb3 Rc7 42. Rxc7 Kxc7 43. c5 Nb5 44. c4 Na3 45. Na5 Nc2 46. b5 axb5 47. cxb5 b6 48. Nb3 bxc5 49. Nxc5 Kb6 50. Nd7+ Kxb5 51. Nf8 Nd4 52. Nxh7 Ne6 53. f4 Kc6 54. Ng5 Nc5 55. h3 Kd7 56. Kf3 Ke7 57. h4 Kf6 58. Nh3 Nd3 59. Nf2 Nc5 60. Nd1 Nd7 61. Ne3 Nf8 62. Nd5+ Kg7 63. Ke3 Ne6 64. Nc3 Kf7 65. Nb5 Nc5 66. Nd4 Nd7 67. Nf3 Nf6 68. Kd4 Kg7 69. Ng1 Nh5 70. Ne2 Nf6 71. Ke5 Kf7 72. Kd6 Ng4 0-1


[Site "https://www.chess.com"]

[Event "Titled Tuesday Blitz May 23 Early 2023"]
[White "Mazurkiewicz, Michal"]
[Black "Erzhanov, Arman"]
[WhiteFideId "1124943"]
[BlackFideId "4138821"]
[WhiteElo "2054"]
[BlackElo "2138"]
[Result "0-1"]
[Round "05"]
[TimeControl "180+2"]
[Date "2023.05.23"]
[WhiteClock "0:00:00"]
[BlackClock "0:01:08"]

1. e4 d6 2. d4 Nf6 3. Nc3 c6 4. f4 d5 5. e5 Ng8 6. Nf3 h5 7. Bd3 Nh6 8. Ne2 Bf5 9. Be3 e6 10. O-O g6 11. Bf2 Be7 12. h3 h4 13. Qd2 Nd7 14. c4 Bxd3 15. Qxd3 dxc4 16. Qxc4 Nb6 17. Qb3 Nf5 18. Nc3 Kf8 19. a4 Qc7 20. Rac1 Rd8 21. d5 exd5 22. Rfd1 Kg7 23. Nxd5 Nxd5 24. Rxd5 Rxd5 25. Qxd5 Rd8 26. Qe4 Qa5 27. e6 Qd5 28. Qxd5 Rxd5 29. exf7 Kxf7 30. Ne5+ Kg7 31. Re1 Bb4 32. Re2 Nd4 33. Re4 Bc5 34. Nd3 Bb6 35. a5 Bxa5 36. Rxd4 Rb5 37. Rd7+ Kf6 38. Bd4+ Ke6 39. Rg7 Rd5 40. Rxg6+ Kf5 41. Rg5+ Ke4 42. Rxd5 cxd5 43. Nc5+ Kxd4 44. Nxb7 Bb6 45. Nd6 Bc5 46. Nf5+ Ke4+ 47. Kf1 Kxf5 48. Ke2 Kxf4 49. Kd3 Kg3 50. b4 Bxb4 0-1


[Site "https://www.chess.com"]